 Dungeon Crawl Stone Soup version 0.23.1-37-gaa34b87 (webtiles) character file.

Game seed: 9165936373455480578

235 snowfan the Conjurer (level 5, 0/28 HPs)
             Began as a Deep Elf Conjurer on Mar 26, 2019.
             Slain by Blork the orc
             ... wielding a +0 scimitar
              (8 damage)
             ... on level 3 of the Dungeon.
             The game lasted 00:14:53 (3742 turns).

snowfan the Conjurer (Deep Elf Conjurer)            Turns: 3742, Time: 00:14:53

Health: 0/28       AC:  4    Str:  5    XL:     5   Next: 76%
Magic:  10/15      EV: 13    Int: 21    God:
Gold:   31         SH:  0    Dex: 15    Spells: 5/15 levels left

rFire    . . .     SeeInvis .   l - +0 dagger (venom)
rCold    . . .     Gourm    .   (no shield)
rNeg     + . .     Faith    .   a - +0 robe
rPois    .         Spirit   .   o - +1 helmet
rElec    .         Reflect  .   (no cloak)
rCorr    .         Harm     .   (no gloves)
MR       .....                  (no boots)
Stlth    ++........             (no amulet)
HPRegen  0.09/turn              e - ring of positive energy
MPRegen  0.14/turn              (no ring)

@: no status effects
A: no striking features
a: no special abilities


You were on level 3 of the Dungeon.
You were not hungry.

You visited 1 branch of the dungeon, and saw 4 of its levels.

You collected 101 gold pieces.
You spent 70 gold pieces at shops.

Inventory:

Hand Weapons
 l - a +0 dagger of venom (weapon)
Missiles
 f - 29 stones
 g - 41 sling bullets
 r - 7 steel tomahawks (quivered)
Armour
 a - a +0 robe (worn)
 o - a +1 helmet (worn)
Jewellery
 e - a ring of positive energy (left hand)
Wands
 x - a wand of iceblast (8)
Scrolls
 b - a scroll of enchant armour {unknown}
 h - a scroll of blinking {unknown}
 i - a scroll of teleportation {unknown}
 j - a scroll of amnesia {unknown}
 m - 2 scrolls of identify {unknown}
 n - 3 scrolls of remove curse {unknown}
 t - 2 scrolls of fog {unknown}
 w - a scroll of fear {unknown}
Potions
 d - a potion of agility {unknown}
 k - 2 potions of curing
 p - a potion of degeneration {unknown}
 q - 2 potions of mutation {unknown}
 s - a potion of brilliance {unknown}
Comestibles
 c - 5 rations
 u - 7 chunks of flesh


   Skills:
 - Level 2.4 Dodging
 - Level 2.4 Stealth
 + Level 5.6 Spellcasting
 * Level 6.6 Conjurations


You had 5 spell levels left.
You knew the following spells:

 Your Spells              Type           Power        Failure   Level  Hunger
a - Magic Dart            Conj           ####         1%          1    None
b - Iskenderun's Mystic   Conj           ####....     7%          4    ####...
d - Dazzling Spray        Conj/Hex       ###...       8%          3    ##.....
s - Searing Ray           Conj           ####..       1%          2    None

Your spell library contained the following spells:

 Spells                   Type           Power        Failure   Level  Hunger
 Force Lance              Conj/Tloc      ###.....     26%         4    ####...
 Fulminant Prism          Conj/Hex       ###.......   26%         4    ####...


Dungeon Overview and Level Annotations

Branches:
Dungeon (4/15)
 Temple: D:4-7

Altars:
Cheibriados
Fedhas
Gozag
Nemelex Xobeh
Uskayaw
Xom
Zin

Shops:
D:4 !

Annotations:
D:4 Blork the orc


Message History

You feel much better.
A magic dart appears from out of thin air!
The magic dart hits you.
You hear some strange, mumbled words.
A puff of flame appears from out of thin air!
The puff of flame misses you.
A puff of flame appears from out of thin air!
The puff of flame hits you!
A magic dart appears from out of thin air!
The magic dart hits you. Something hits you.
* * * LOW HITPOINT WARNING * * *
There is a stone staircase leading up here.
Something hits you.
* * * LOW HITPOINT WARNING * * *
You climb upwards.
Reactivating autopickup.
There is a stone staircase leading down here.
It was a potion of curing.
You feel better. Something hits you!
You die...

#.##.## ##.......##
#...####.# #.####
##.....## #........#
#..# ##...## #.########
##.# ##'## #.# #.# #.#
#.# ##.#### #.# #.#
......# ###.#######.#
##.##.# #.....{..##.#
##.##.# #....@##.##.#
##.##.# #....###.##.#
##.##.######.#.........#
##.........#.##.###.####
#####.####......# #.#
#####.# ###.#### #^#
......# #... ..# #######
##### ###


There were no monsters in sight!

Vanquished Creatures
  A howler monkey (D:4)
  An orc wizard (D:4)
  Ijyb (D:3)
  An adder (D:2)
  4 oozes
  An adder skeleton (D:4)
  3 worms (D:3)
  2 dart slugs
  5 leopard geckos
  14 orcs
  4 giant cockroaches
  12 goblins
  10 hobgoblins
  2 quokkas (D:2)
  A ball python (D:1)
  7 bats
  3 frilled lizards
  4 kobolds
  6 rats
82 creatures vanquished.

Notes
Turn   | Place    | Note
-------+----------+-------------------------------------------
     0 | D:1      | snowfan the Deep Elf Conjurer began the quest for the Orb.
     0 | D:1      | Reached XP level 1. HP: 10/10 MP: 6/6
   129 | D:1      | Reached XP level 2. HP: 15/15 MP: 1/8
   242 | D:1      | Reached skill level 5 in Conjurations
   545 | D:1      | Reached XP level 3. HP: 19/19 MP: 4/9
   889 | D:2      | Found a sparkling altar of Nemelex Xobeh.
  1081 | D:2      | Found a glowing silver altar of Zin.
  1224 | D:2      | Reached skill level 6 in Conjurations
  1288 | D:2      | Found a blossoming altar of Fedhas.
  1294 | D:2      | Reached XP level 4. HP: 24/24 MP: 3/10
  1777 | D:2      | Found a hide-covered altar of Uskayaw.
  1777 | D:2      | Found a shimmering altar of Xom.
  2070 | D:3      | Noticed an ice beast
  2117 | D:3      | Found an opulent altar of Gozag.
  2162 | D:3      | Learned a level 2 spell: Searing Ray
  2167 | D:3      | Learned a level 4 spell: Iskenderun's Mystic Blast
  3062 | D:4      | Learned a level 3 spell: Dazzling Spray
  3096 | D:4      | Reached XP level 5. HP: 28/28 MP: 7/14
  3259 | D:4      | Found Nuzit's Distillery.
  3268 | D:4      | Bought a potion of heal wounds for 70 gold pieces
  3299 | D:4      | Noticed Ijyb
  3336 | D:3      | Killed Ijyb
  3336 | D:3      | Reached skill level 5 in Spellcasting
  3502 | D:4      | Found a snail-covered altar of Cheibriados.
  3699 | D:4      | Noticed Blork the orc
  3742 | D:3      | Slain by Blork the orc

Skill      XL: |  1  2  3  4  5 |
---------------+----------------+-----
Conjurations   | 5 6 |  6.6
Spellcasting   | 4 5 |  5.6
Dodging        | |  2.4
Stealth        | |  2.4

Action                   |  1- 3 |  4- 6 || total
-------------------------+-------+-------++-------
Melee: Dagger            |     1 |     2 ||     3
 Cast: Magic Dart        |    78 |   126 ||   204
       Dazzling Spray    |       |     2 ||     2
  Use: Potion            |       |     2 ||     2
 Stab: Sleeping          |     1 |       ||     1
  Eat: Chunk             |     1 |     7 ||     8
Armor: Robe              |     2 |     8 ||    10
Dodge: Dodged            |    13 |    19 ||    32
